 Dungeon Crawl Stone Soup version 0.15-a0-2246-gfd41422 (webtiles) character file.

409 Cactus the Ruinous (level 6, -3/41 HPs)
             Began as a Demonspawn Fire Elementalist on July 26, 2014.
             Was an Initiate of Vehumet.
             Slain by Natasha (6 damage)
             ... on Level 4 of the Dungeon.
             The game lasted 00:17:49 (4961 turns).

Cactus the Ruinous (Demonspawn Fire Elementalist)   Turns: 4961, Time: 00:17:49

HP  -3/41        AC  5     Str  9      XL: 6   Next: 58%
MP   3/13        EV 10     Int 18      God: Vehumet [......]
Gold 182         SH  2     Dex 13      Spells:  4 memorised,  1 level left

rFire  . . .     SeeInvis .     a - +4 dagger (venom)
rCold  . . .     Clarity  .     o - +0 leather armour
rNeg   . . .     rCorr    .     (no shield)
rPois  .         rRot     .     (no helmet)
rElec  .         Spirit   .     (no cloak)
SustAb .         Warding  .     (no gloves)
rMut   .         Stasis   .     (no boots)
Gourm  .                        (no amulet)
MR     .....                    (no ring)
                                (no ring)

@: very slightly contaminated, not resistant to hostile enchantments, unstealthy
A: large bone plates 1, powered by death 2
a: Renounce Religion


You were on level 4 of the Dungeon.
You worshipped Vehumet.
Vehumet was noncommittal.
You were not hungry.

You visited 2 branches of the dungeon, and saw 5 of its levels.

You collected 182 gold pieces.

Inventory:

Hand weapons
 a - a +4 dagger of venom (weapon)
Missiles
 d - 31 poisoned needles
Armour
 o - a +0 leather armour (worn)
Comestibles
 i - a rotting chunk of bat flesh
 j - 5 fruits
 l - 3 rotting chunks of orc flesh
 r - a beef jerky
 w - a rotting chunk of rat flesh
 x - 5 rotting chunks of orc flesh
Scrolls
 f - 5 scrolls of identify
 k - a scroll of remove curse
 q - a scroll of blinking
Potions
 g - a potion of flight
 h - a potion of invisibility {unknown}
 m - a potion of haste {unknown}
 n - a potion of curing {unknown}
 s - a potion of degeneration {unknown}
 t - a potion of brilliance {unknown}
 v - a potion of lignification {unknown}
Books
 b - a book of Flames

   Spells                             Type                      Level
   *Flame Tongue                      Conjuration/Fire             1
   *Throw Flame                       Conjuration/Fire             2
   *Conjure Flame                     Conjuration/Fire             3
   Inner Flame                        Hexes/Fire                   3
   *Sticky Flame                      Conjuration/Fire             4
   Fireball                           Conjuration/Fire             5
 e - a Young Poisoner's Handbook

   Spells                             Type                      Level
   Sting                              Conjuration/Poison           1
   Cure Poison                        Poison                       2
   Mephitic Cloud                     Conjuration/Poison/Air       3
   Olgreb's Toxic Radiance            Poison                       4
   Venom Bolt                         Conjuration/Poison           5


   Skills:
 - Level 1.7 Dodging
 - Level 1.7 Stealth
 + Level 3.2 Spellcasting
 - Level 6.0 Conjurations
 - Level 3.0 Fire Magic


You had one spell level left.
You knew the following spells:

 Your Spells              Type           Power        Failure   Level  Hunger
a - Throw Flame           Conj/Fire      ###...       4%          2    ##.....
f - Conjure Flame         Conj/Fire      ###.....     10%         3    ###....
s - Sticky Flame          Conj/Fire      ###.....     28%         4    ####...
x - Flame Tongue          Conj/Fire      ###..        2%          1    None


Dungeon Overview and Level Annotations

Branches:
Dungeon (4/15)             Temple (1/1) D:4

Altars:
Ashenzari
Cheibriados
Dithmenos
Elyvilon
Fedhas
Gozag
Kikubaaqudgha
Makhleb
Nemelex Xobeh
Okawaru
Sif Muna
Trog
Vehumet
Xom
Zin
The Shining One

Shops:
D:4 [

Annotations:
D:4 Natasha


Innate Abilities, Weirdness & Mutations

You are partially covered in large bone plates (AC +2, SH +2).
You can steal the life force of defeated enemies.


Message History

Something smites you!
Casting: Sticky Flame
Confirm with . or Enter, or press ? or * to list all spells.
Aiming: Flame Tongue
Press: ? - help, Shift-Dir - straight line, f/p - Natasha
Aim: Natasha The flame tongue hits Natasha.
Natasha is severely wounded.
Natasha mumbles some strange words.
The orc priest invokes the aid of Beogh against you.
Something smites you!
* * * LOW HITPOINT WARNING * * *
An orc comes into view. It is wielding a dagger.
Casting: Flame Tongue
Confirm with . or Enter, or press ? or * to list all spells.
Aiming: Flame Tongue
Press: ? - help, Shift-Dir - straight line, f/p - Natasha
Aim: Natasha (severely wounded)
The flame tongue misses Natasha.
Natasha claws you.
You die...

#... #... . # #######... ...
### ###........# ..o.
..######..........# ..o..
...[...........5..###.....
##########.........[o..o..#
.....## #...##h#5g.#
.>..%.####.#.##.@.#.#
......##..........#.####
.......#........#.#....#
.......#..........####.## #
................### #..#.#####
.....#..........######.).......
####.##.....................###
#..#.......#.###8>8......#
#.......%...#[##...####.###


You could see an orc priest, Natasha, 2 crimson imps, 2 orcs and a goblin.

Vanquished Creatures
  A scorpion (D:3)
  An orc wizard (D:4)
  3 hounds
  Natasha (D:4)
  An iguana (D:3)
  Terence (D:2)
  5 adders
  A white imp (D:4)
  4 worms
  5 giant geckos
  2 oozes (D:2)
  7 orcs
  A ball python (D:2)
  13 bats
  7 giant cockroaches
  10 hobgoblins
  2 quokkas
  8 giant newts
  13 goblins
  8 kobolds
  11 rats
105 creatures vanquished.

Notes
Turn   | Place    | Note
--------------------------------------------------------------
     0 | D:1      | Cactus, the Demonspawn Fire Elementalist, began the quest for the Orb.
     0 | D:1      | Reached XP level 1. HP: 13/13 MP: 3/3
     0 | D:1      | Noticed a white draconian
     1 | D:1      | Noticed a tentacled monstrosity
     3 | D:1      | Noticed a large abomination
     5 | D:1      | Noticed an ice dragon
     6 | D:1      | Noticed an iron dragon
     8 | D:1      | Noticed an orb of fire
    12 | D:1      | Noticed an iron dragon
    12 | D:1      | Noticed a shadow dragon
    14 | D:1      | Noticed a tentacled monstrosity
    14 | D:1      | Noticed an ice dragon
   426 | D:1      | Gained mutation: You are partially covered in large bone plates (AC +2, SH +2). [demonic ancestry]
   426 | D:1      | Reached XP level 2. HP: 19/19 MP: 1/4
  1108 | D:2      | Reached skill level 3 in Fire Magic
  1228 | D:2      | Learned a level 2 spell: Throw Flame
  1267 | D:2      | Gained mutation: You can steal the life force of nearby defeated enemies. [demonic ancestry]
  1267 | D:2      | Reached XP level 3. HP: 24/24 MP: 0/6
  1618 | D:2      | Found a sparkling altar of Nemelex Xobeh.
  2136 | D:2      | Noticed Terence
  2143 | D:2      | Killed Terence
  2217 | D:2      | Reached XP level 4. HP: 27/30 MP: 7/7
  2638 | D:3      | Reached skill level 4 in Conjurations
  2824 | D:3      | Found an iron altar of Okawaru.
  3130 | D:3      | Reached skill level 5 in Conjurations
  3130 | D:3      | Reached XP level 5. HP: 25/35 MP: 0/9
  3900 | D:4      | Found a burning altar of Makhleb.
  3906 | D:4      | Reached skill level 6 in Conjurations
  3906 | D:4      | Gained mutation: You can steal the life force of defeated enemies. [demonic ancestry]
  3906 | D:4      | Reached XP level 6. HP: 36/41 MP: 3/10
  3965 | D:4      | Noticed Natasha
  4018 | D:3      | Learned a level 4 spell: Sticky Flame
  4045 | D:4      | Killed Natasha
  4488 | D:4      | Found Koopuruph's Armour Emporium.
  4572 | D:4      | Learned a level 3 spell: Conjure Flame
  4603 | D:4      | Noticed Natasha
  4603 | D:4      | Found a staircase to the Ecumenical Temple.
  4663 | Temple   | Entered the Ecumenical Temple
  4912 | Temple   | Became a worshipper of Vehumet
  4960 | D:4      | HP: 2/41 [orc priest/divine providence (17)]
  4961 | D:4      | Slain by Natasha

Action                   |  1- 3 |  4- 6 || total
-------------------------+-------+-------++-------
Melee: Dagger            |    58 |   159 ||   217
 Cast: Flame Tongue      |    52 |    88 ||   140
       Throw Flame       |     7 |    12 ||    19
       Sticky Flame      |       |     1 ||     1
  Use: Scroll            |       |    11 ||    11
 Stab: Sleeping          |     2 |       ||     2
  Eat: Chunk             |     5 |    10 ||    15
       Pizza             |       |     1 ||     1
